General information
- name: BNet
- type: Ladder team game (AT/RT)
- host: Battle.net
- saver: GODIEPLZ
map: RiverOfSouls
- players: 6
- length: 11:54
- speed: Fast
- version: 1.24 W3XP
- replay type: Public
» download(96 KB)
Players
team 1 (winner)
CoLeGePaRtYeR17 (
yellow | 85 APM | 1015 actions | 11:53)
4 Paladin
2 Holy Light
2 Devotion Aura
1 Goblin Alchemist
1 Acid Bomb
» actions
| Assign group hotkey | 39 | |
| Basic commands | 39 | |
| Build / train | 39 | |
| Enter build submenu | 20 | |
| Enter hero's abilities submenu | 5 | |
| Right click | 527 | |
| Select / deselect | 176 | |
| Select group hotkey | 132 | |
| Use ability | 38 | |
1015 total
» units
| Peasant | 7 | |
| Rifleman | 10 | |
| Priest | 2 | |
19 total
» upgrades
| Gunpowder | 2 | |
| Armor | 1 | |
| Long Rifles | 1 | |
4 total
» buildings
| Altar of Kings | 1 | |
| Farm | 8 | |
| Barracks | 1 | |
| Blacksmith | 1 | |
| Scout Tower | 1 | |
| Arcane Tower | 2 | |
| Keep | 1 | |
| Arcane Vault | 1 | |
| Arcane Sanctum | 1 | |
| Lumber Mill | 1 | |
| Castle | 1 | |
19 total
» build order
00:05 Altar of Kings
00:07 Farm
00:45 Barracks
01:04 Blacksmith
01:15 Farm
01:58 Scout Tower
02:10 Farm
02:42 Arcane Tower
02:42 Arcane Tower
03:42 Farm
05:02 Keep
05:06 Arcane Vault
05:31 Farm
06:19 Farm
07:25 Arcane Sanctum
07:27 Lumber Mill
09:26 Castle
09:27 Farm
10:46 Farm
» items
| Dust of Appearance | 1 | |
| Scroll of Regeneration | 1 | |
| Lesser Clarity Potion | 1 | |
| Potion of Healing | 1 | |
| Scroll of Town Portal | 1 | |
5 total
CORRUPTEDEVIL (
orange | 91 APM | 1077 actions | 11:53)
4 Keeper of the Grove
2 Entangling Roots
2 Thorns Aura
» actions
| Assign group hotkey | 76 | |
| Build / train | 35 | |
| Enter build submenu | 8 | |
| Enter hero's abilities submenu | 4 | |
| Remove unit from queue | 1 | |
| Right click | 481 | |
| Select / deselect | 112 | |
| Select group hotkey | 329 | |
| Use ability | 31 | |
1077 total
» units
» buildings
| Altar of Elders | 1 | |
| Moon Well | 3 | |
| Hunter's Hall | 1 | |
| Ancient of War | 2 | |
| Tree of Life | 1 | |
8 total
» build order
00:08 Altar of Elders
00:19 Moon Well
02:03 Hunter's Hall
02:08 Ancient of War
02:15 Ancient of War
02:18 Moon Well
02:42 Moon Well
05:57 Tree of Life
GODIEPLZ (
pink | 112 APM | 1332 actions | 11:54)
4 Death Knight
2 Death Coil
2 Unholy Aura
3 Lich
2 Frost Nova
1 Frost Armor
» actions
| Assign group hotkey | 18 | |
| Basic commands | 109 | |
| Build / train | 43 | |
| Enter build submenu | 11 | |
| Enter hero's abilities submenu | 7 | |
| Right click | 489 | |
| Select / deselect | 304 | |
| Select group hotkey | 306 | |
| Use ability | 45 | |
1332 total
» units
| Acolyte | 2 | |
| Ghoul | 3 | |
| Crypt Fiend | 9 | |
| Obsidian Statue | 3 | |
17 total
» upgrades
| Creature Attack | 2 | |
| Burrow | 1 | |
| Creature Carapace | 2 | |
| Destroyer Form | 1 | |
6 total
» buildings
| Crypt | 1 | |
| Graveyard | 1 | |
| Altar of Darkness | 1 | |
| Ziggurat | 5 | |
| Tomb of Relics | 1 | |
| Halls of the Dead | 2 | |
| Slaughterhouse | 1 | |
| Black Citadel | 1 | |
13 total
» build order
00:06 Crypt
00:18 Graveyard
00:36 Altar of Darkness
00:48 Ziggurat
01:15 Tomb of Relics
01:51 Ziggurat
04:01 Halls of the Dead
04:01 Halls of the Dead
04:16 Ziggurat
05:48 Ziggurat
07:34 Slaughterhouse
08:16 Black Citadel
10:00 Ziggurat
» items
| Rod of Necromancy | 4 | |
| Scroll of Town Portal | 3 | |
7 total
team 2 (loser)
AFalseHope (
teal | 78 APM | 914 actions | 11:43)
3 Far Seer
2 Feral Spirit
1 Chain Lighting
» actions
| Assign group hotkey | 30 | |
| Basic commands | 9 | |
| Build / train | 36 | |
| ESC pressed | 1 | |
| Enter build submenu | 10 | |
| Enter hero's abilities submenu | 3 | |
| Right click | 525 | |
| Select / deselect | 139 | |
| Select group hotkey | 125 | |
| Use ability | 36 | |
914 total
» units
| Peon | 7 | |
| Grunt | 11 | |
| Troll Witch Doctor | 2 | |
20 total
» upgrades
| Berserker Strength | 1 | |
| Witch Doctor Training | 2 | |
3 total
» buildings
| Altar of Storms | 1 | |
| Orc Burrow | 5 | |
| Barracks | 1 | |
| Voodoo Lounge | 1 | |
| Stronghold | 1 | |
| Fortress | 1 | |
| Spirit Lodge | 1 | |
| War Mill | 1 | |
12 total
» build order
00:09 Altar of Storms
00:21 Orc Burrow
00:38 Barracks
01:27 Orc Burrow
01:50 Voodoo Lounge
03:21 Stronghold
03:26 Orc Burrow
06:11 Fortress
06:28 Spirit Lodge
06:54 War Mill
07:35 Orc Burrow
10:31 Orc Burrow
» items
| Healing Salve | 1 | |
| Lesser Clarity Potion | 1 | |
| Scroll of Town Portal | 2 | |
| Scroll of Speed | 1 | |
| Potion of Healing | 1 | |
6 total
Chaulin (
purple | 154 APM | 1819 actions | 11:48)
3 Priestess of the Moon
1 Searing Arrows
2 Trueshot Aura
1 Keeper of the Grove
1 Entangling Roots
» actions
| Assign group hotkey | 135 | |
| Basic commands | 273 | |
| Build / train | 44 | |
| Enter build submenu | 17 | |
| Enter hero's abilities submenu | 4 | |
| Remove unit from queue | 6 | |
| Right click | 922 | |
| Select / deselect | 193 | |
| Select group hotkey | 196 | |
| Use ability | 29 | |
1819 total
» units
| Wisp | 10 | |
| Archer | 11 | |
| Dryad | 6 | |
| Druid of the Talon | 2 | |
29 total
» upgrades
» buildings
| Altar of Elders | 1 | |
| Moon Well | 5 | |
| Ancient of War | 3 | |
| Tree of Ages | 1 | |
| Hunter's Hall | 1 | |
| Ancient of Wonders | 1 | |
| Ancient of Lore | 1 | |
| Ancient of Wind | 2 | |
15 total
» build order
00:10 Altar of Elders
00:23 Moon Well
01:28 Ancient of War
01:34 Moon Well
01:58 Ancient of War
02:04 Ancient of War
02:27 Moon Well
03:59 Tree of Ages
05:30 Hunter's Hall
05:36 Ancient of Wonders
06:45 Ancient of Lore
06:56 Ancient of Wind
07:45 Ancient of Wind
08:44 Moon Well
08:52 Moon Well
» items
Dr.Pepper. (
blue | 57 APM | 682 actions | 11:52)
3 Death Knight
2 Death Coil
1 Unholy Aura
1 Lich
1 Frost Nova
» actions
| Assign group hotkey | 13 | |
| Basic commands | 5 | |
| Build / train | 31 | |
| Enter build submenu | 11 | |
| Enter hero's abilities submenu | 4 | |
| Right click | 397 | |
| Select / deselect | 153 | |
| Select group hotkey | 39 | |
| Use ability | 29 | |
682 total
» units
| Acolyte | 3 | |
| Ghoul | 2 | |
| Crypt Fiend | 13 | |
18 total
» upgrades
| Creature Attack | 1 | |
| Creature Carapace | 1 | |
2 total
» buildings
| Crypt | 1 | |
| Ziggurat | 4 | |
| Altar of Darkness | 2 | |
| Graveyard | 1 | |
| Nerubian Tower | 1 | |
| Tomb of Relics | 1 | |
| Halls of the Dead | 2 | |
| Black Citadel | 1 | |
13 total
» build order
00:07 Crypt
00:13 Ziggurat
00:25 Altar of Darkness
00:29 Altar of Darkness
01:11 Graveyard
01:26 Ziggurat
02:15 Nerubian Tower
02:28 Tomb of Relics
02:43 Ziggurat
04:47 Halls of the Dead
04:48 Halls of the Dead
06:57 Ziggurat
10:04 Black Citadel
» items
Chat log
(00:10 / All) CORRUPTEDEVIL: my ally is [vl.r*l4d] Byung AND IM [FLUFFER] CORR
(00:24 / All) AFalseHope: okay?
(00:25 / All) CORRUPTEDEVIL: pink plays comp l4d2
(00:37 / All) CORRUPTEDEVIL: u guys jealous?
(00:40 / All) AFalseHope: yes
(00:41 / All) AFalseHope: very
(00:42 / All) Chaulin: so..?
(00:48 / All) CORRUPTEDEVIL: ya
(00:51 / All) AFalseHope: but
(00:57 / All) AFalseHope: i am AFalseHope.
(00:58 / All) GODIEPLZ: Listen i havent played this game in 10 months
(01:00 / All) GODIEPLZ: and i will rape u
(01:02 / All) AFalseHope: ujealous?
(01:02 / All) GODIEPLZ: so viciously.
(01:07 / All) GODIEPLZ: it will be funny
(01:07 / All) CORRUPTEDEVIL: lol
(01:16 / All) AFalseHope: ithinkhe'smad
(01:28 / All) CORRUPTEDEVIL: he just won some tournament
(01:42 / All) Chaulin: nice life man!
(01:59 / All) AFalseHope: it's called warcraft syndrome
(02:02 / All) AFalseHope: ;(
(02:06 / All) AFalseHope: happens ot the best of us
(02:11 / Allies) CORRUPTEDEVIL: I LIKE HIM
(02:49 / All) CORRUPTEDEVIL: fluffer modoom
(02:50 / All) CORRUPTEDEVIL: says hi
(03:20 / All) Chaulin: hummm
(03:26 / All) Chaulin: lag?
(03:29 / All) CORRUPTEDEVIL: my ally is my ally is [vl.r*l4d] Byung AND IM [FLUFFER] CORR
(03:32 / All) CORRUPTEDEVIL: nah
(03:35 / All) CORRUPTEDEVIL: u guys just good
(03:38 / All) CORRUPTEDEVIL: no excuses there
(03:55 / Allies) CORRUPTEDEVIL: i wanna join team fluffer
(05:50 / Allies) CORRUPTEDEVIL: so
(05:55 / Allies) CORRUPTEDEVIL: can i join team fluffer?
(06:10 / All) CORRUPTEDEVIL: is team fluffer good?
(06:20 / All) Chaulin: yes man
(06:26 / All) CORRUPTEDEVIL: thx bros
(06:40 / All) AFalseHope: bro(
(06:41 / All) AFalseHope: bro*
(06:44 / All) AFalseHope: i think you guys are shit
(06:51 / All) CORRUPTEDEVIL: fluffer is good
(07:01 / All) CORRUPTEDEVIL: byung team is bad
(10:41 / Allies) CORRUPTEDEVIL: so i hear everything talons has been screaming
(11:03 / All) CoLeGePaRtYeR17: ÉÉÉÉÉÉÉÉÉÉÉÉÉÉÉ